 Dungeon Sprint DCSS version 0.30-a0-469-g84de5afbc5 (webtiles) character file.

Game seed: 16292161236108920454

8300000 NinjaNoafa the Conqueror (level 26, -56/203 (242) HPs)
             Began as a Demonspawn Fighter on Dec 19, 2022.
             Was the Champion of Makhleb.
             Killed from afar by a wretched soul (116 damage)
             ... with a bolt of negative energy
             ... in the Dungeon (Sprint VIII: "Arena of Blood").
             The game lasted 00:02:10 (83 turns).

NinjaNoafa the Conqueror (Demonspawn Fighter)         Turns: 83, Time: 00:02:11

HP:   -56/203 (242) AC: 17    Str: 22    XL:     26   Next: 23%
MP:   45/46         EV: 32    Int: 10    God:    Makhleb [******]
Gold: 0             SH:  0    Dex: 19    Spells: 64/64 levels left

rFire   . . .      SeeInvis .    k - +∞ Axe of Woe
rCold   + . .      Faith    .    (shield currently unavailable)
rNeg    . . .      Spirit   .    b - +0 scale mail
rPois   .          Reflect  .    (no helmet)
rElec   .          Harm     .    (no cloak)
rCorr   .          Rampage  .    (gloves unavailable)
Will    +....      NoTele   +    (no boots)
Stlth   +++++++...               (no amulet)
HPRegen 0.53/turn                (no ring)
MPRegen 0.30/turn                (no ring)

@: mighty, agile, slowed, heavily drained, very slow
A: icy blue scales 3, icemail 2, powered by pain 3, black mark, condensation
shield, bedeviling, demonic touch 3
a: Renounce Religion, Minor Destruction, Lesser Servant of Makhleb, Major
Destruction, Greater Servant of Makhleb


You were in the Dungeon.
You worshipped Makhleb.
Makhleb was exalted by your worship.
You visited 1 branch

Inventory:

Hand Weapons
 a - a +0 war axe
 k - the +∞ Axe of Woe (weapon)
   (You found it in the Dungeon)
Armour
 b - a +0 scale mail (worn)
 c - a +0 buckler
Scrolls
 j - a scroll of blinking
Potions
 d - a potion of might
 e - a potion of curing
 g - a potion of haste
 h - 2 potions of magic
 i - a potion of berserk rage


   Skills:
 O Level 27 Fighting
 + Level 20.0(23.0) Short Blades
 + Level 19.5(22.8) Long Blades
 O Level 27 Axes
 + Level 19.5(27) Maces & Flails
 + Level 19.5(27) Polearms
 + Level 19.5(25.2) Staves
 + Level 19.5 Ranged Weapons
 + Level 19.5 Throwing
 O Level 27 Armour
 O Level 27 Dodging
 + Level 21.0 Stealth
 O Level 27 Shields
 + Level 19.5 Unarmed Combat
 + Level 19.5 Spellcasting
 + Level 22.7 Conjurations
 + Level 21.5 Hexes
 + Level 21.6 Summonings
 + Level 23.2 Necromancy
 + Level 19.9 Translocations
 + Level 21.5 Transmutations
 + Level 21.5 Fire Magic
 + Level 21.5 Ice Magic
 + Level 21.5 Air Magic
 + Level 21.5 Earth Magic
 + Level 23.2 Poison Magic
 O Level 27 Invocations
 + Level 23.2 Evocations


You had 64 spell levels left.
You didn't know any spells.
Your spell library was empty.

Dungeon Overview and Level Annotations

Branches:
Dungeon (1/1)

Altars:
Makhleb

Annotations:
D The Servant


Innate Abilities, Weirdness & Mutations

You are completely covered in icy blue scales. (AC +4, rC+)
A meltable icy envelope protects you from harm. (AC +0)
You are powered by pain.
Your melee attacks may debilitate your foes.
A meltable shield of frost defends you. (SH +0)
Your hexes are more powerful.
Your touch may irresistibly damage your foes and sap their willpower.


Message History

You hear a shout!
Your base Short Blades skill increases to level 20!
Your base Long Blades skill increases to level 19!
Your base Maces & Flails skill increases to level 19!
Your base Polearms skill increases to level 19!
Your base Staves skill increases to level 19!
Your Ranged Weapons skill increases to level 19!
Your Throwing skill increases to level 19!
Your Stealth skill increases to level 21!
Your Unarmed Combat skill increases to level 19!
Your Spellcasting skill increases to level 19!
Your Hexes skill increases to level 21!
Your Summonings skill increases to level 21!
Your Necromancy skill increases to level 23!
Your Transmutations skill increases to level 21!
Your Fire Magic skill increases to level 21!
Your Ice Magic skill increases to level 21!
Your Air Magic skill increases to level 21!
Your Earth Magic skill increases to level 21!
Your Poison Magic skill increases to level 23!
Your Evocations skill increases to level 23!
You have reached level 26!
A demon appears!
You hear an angry hiss. x2; You hear a shout! x5
A bag of meat comes into view. It is wielding a +9 war axe.
The tyrant waves its bony arms in wide circles.
The air twists around and strikes you!!!
You focus on the pain.
You feel mightier all of a sudden.
You hear a shout!
The accursed casts a spell at you. Something smites you!
* * * LOW HITPOINT WARNING * * *
You hear a shout!
A bolt of negative energy appears from out of thin air!
Deactivating autopickup; reactivate with Ctrl-A.
The bolt of negative energy hits you!!!!
You feel drained.
Ouch! That really hurt!
You die...

...O .. ... ..
#... .# o #...
..# Vo###.@.
..###.
..ooo§o###......
....LOM§_.......
..o.#)o)).#.... .
#_@<._# . #)))3.#
#.....{)._V.....
........###......
...###... ..###.
.. #... ..# #...O
..# ..... ..
.......


You could see an accursed, a tyrant (fast), The Servant, 2 destroyers, a meat
berserker (berserk), 7 bags of meat and a friendly neqoxec (summoned).

Vanquished Creatures
  3 hell beasts (D)
  A royal mummy (D)
  A wraith (D)
  8 vampire knights (D)
  26 ogres (D)
  3 two-headed ogres (D)
  4 liches (D)
  A hydra (D)
  25 orcs (D)
  7 skeletal warriors (D)
79 creatures vanquished.

Notes
Turn   | Place    | Note
-------+----------+-------------------------------------------
     0 | D        | Found the +∞ Axe of Woe
     0 | D        | NinjaNoafa the Demonspawn Fighter began the quest for the
                  | Orb.
     0 | D        | Reached XP level 1. HP: 18/18 MP: 1/1
     2 | D        | Noticed a bag of meat
     3 | D        | Noticed a bag of meat
     5 | D        | Noticed a meat berserker
     5 | D        | Noticed a bag of meat
     6 | D        | Noticed a meat berserker
     9 | D        | Became a worshipper of Makhleb the Destroyer
    10 | D        | Killed a meat berserker
    11 | D        | Reached skill level 15 in Fighting
    11 | D        | Gained mutation: You sometimes gain a little power by
                  | taking damage. [demonic ancestry]
    11 | D        | Reached XP level 2. HP: 44/44 MP: 2/2
    11 | D        | Gained mutation: You are partially covered in icy blue
                  | scales. (AC +2) [demonic ancestry]
    11 | D        | Reached XP level 3. HP: 50/50 MP: 3/3
    11 | D        | Gained mutation: Your touch may inflict minor irresistible
                  | damage on your foes. [demonic ancestry]
    11 | D        | Reached XP level 4. HP: 57/57 MP: 4/4
    11 | D        | Gained mutation: You sometimes gain power by taking damage.
                  | [demonic ancestry]
    11 | D        | Reached XP level 5. HP: 63/63 MP: 5/5
    11 | D        | Reached XP level 6. HP: 70/70 MP: 6/6
    11 | D        | Reached XP level 7. HP: 76/76 MP: 7/7
    11 | D        | Gained mutation: You are mostly covered in icy blue scales.
                  | (AC +3) [demonic ancestry]
    11 | D        | Reached XP level 8. HP: 83/83 MP: 8/8
    11 | D        | Reached XP level 9. HP: 89/89 MP: 9/9
    11 | D        | Reached XP level 10. HP: 97/97 MP: 10/10
    11 | D        | Gained mutation: A meltable shield of frost defends you.
                  | (SH +0) [demonic ancestry]
    11 | D        | Reached XP level 11. HP: 103/103 MP: 11/11
    12 | D        | Killed a meat berserker
    12 | D        | Reached * piety under Makhleb
    13 | D        | Gained mutation: Your hexes are more powerful. [demonic
                  | ancestry]
    13 | D        | Reached XP level 12. HP: 116/116 MP: 12/12
    13 | D        | Reached XP level 13. HP: 122/122 MP: 13/13
    14 | D        | Killed a bag of meat
    14 | D        | Killed a bag of meat
    15 | D        | Noticed a meat berserker
    15 | D        | Noticed a meat berserker
    16 | D        | Noticed a bag of meat
    17 | D        | Killed a bag of meat
    17 | D        | Reached ** piety under Makhleb
    17 | D        | Noticed a bag of meat
    17 | D        | Noticed a bag of meat
    17 | D        | Noticed a bag of meat
    17 | D        | Noticed a meat berserker
    18 | D        | Reached XP level 14. HP: 135/135 MP: 14/14
    18 | D        | Noticed a destroyer
    18 | D        | Noticed a bag of meat
    18 | D        | Noticed a bag of meat
    18 | D        | Noticed a meat berserker
    19 | D        | Noticed a destroyer
    19 | D        | Noticed a bag of meat
    20 | D        | Noticed a bag of meat
    20 | D        | Noticed a meat berserker
    21 | D        | Killed a meat berserker
    21 | D        | Killed a meat berserker
    22 | D        | Gained mutation: Your touch may inflict irresistible damage
                  | on your foes. [demonic ancestry]
    22 | D        | Reached XP level 15. HP: 146/146 MP: 14/24
    23 | D        | Killed a destroyer
    23 | D        | Reached *** piety under Makhleb
    24 | D        | Killed a meat berserker
    26 | D        | Gained mutation: Your touch may irresistibly damage your
                  | foes and sap their willpower. [demonic ancestry]
    26 | D        | Reached XP level 16. HP: 159/159 MP: 14/29
    26 | D        | Killed a destroyer
    26 | D        | Reached **** piety under Makhleb
    26 | D        | Killed a meat berserker
    26 | D        | Noticed a large bag of meat
    27 | D        | Noticed a meat berserker
    28 | D        | Killed a meat berserker
    29 | D        | Reached XP level 17. HP: 173/173 MP: 29/32
    29 | D        | Reached ***** piety under Makhleb
    30 | D        | Reached skill level 27 in Fighting
    32 | D        | Reached skill level 27 in Invocations
    34 | D        | Reached skill level 27 in Axes
    34 | D        | Reached skill level 27 in Armour
    34 | D        | Reached skill level 27 in Shields
    34 | D        | Reached skill level 1 in Short Blades
    34 | D        | Reached skill level 1 in Long Blades
    34 | D        | Reached skill level 1 in Maces & Flails
    34 | D        | Reached skill level 1 in Polearms
    34 | D        | Reached skill level 1 in Staves
    34 | D        | Reached skill level 1 in Ranged Weapons
    34 | D        | Reached skill level 1 in Throwing
    34 | D        | Reached skill level 1 in Dodging
    34 | D        | Reached skill level 1 in Stealth
    34 | D        | Reached skill level 1 in Unarmed Combat
    34 | D        | Reached skill level 1 in Spellcasting
    34 | D        | Reached skill level 1 in Conjurations
    34 | D        | Reached skill level 1 in Hexes
    34 | D        | Reached skill level 1 in Summonings
    34 | D        | Reached skill level 1 in Necromancy
    34 | D        | Reached skill level 1 in Translocations
    34 | D        | Reached skill level 1 in Transmutations
    34 | D        | Reached skill level 1 in Fire Magic
    34 | D        | Reached skill level 1 in Ice Magic
    34 | D        | Reached skill level 1 in Air Magic
    34 | D        | Reached skill level 1 in Earth Magic
    34 | D        | Reached skill level 1 in Poison Magic
    34 | D        | Reached skill level 1 in Evocations
    34 | D        | Reached XP level 18. HP: 182/182 MP: 30/35
    34 | D        | Killed a meat berserker
    36 | D        | Noticed a sculptor of flesh
    36 | D        | Killed a large bag of meat
    36 | D        | Noticed a meat berserker
    37 | D        | Reached skill level 5 in Conjurations
    37 | D        | Reached skill level 5 in Necromancy
    37 | D        | Reached skill level 5 in Transmutations
    37 | D        | Reached skill level 5 in Fire Magic
    37 | D        | Reached skill level 5 in Ice Magic
    37 | D        | Reached skill level 5 in Air Magic
    37 | D        | Reached skill level 5 in Earth Magic
    37 | D        | Reached skill level 5 in Poison Magic
    37 | D        | Reached skill level 5 in Evocations
    37 | D        | Noticed a sculptor of flesh
    37 | D        | Noticed a destroyer
    37 | D        | Noticed a sculptor of flesh
    39 | D        | Reached skill level 5 in Stealth
    39 | D        | Reached skill level 5 in Hexes
    39 | D        | Reached skill level 5 in Summonings
    39 | D        | Reached ****** piety under Makhleb
    39 | D        | Killed a sculptor of flesh
    40 | D        | Reached skill level 5 in Short Blades
    40 | D        | Reached skill level 5 in Long Blades
    40 | D        | Reached skill level 5 in Maces & Flails
    40 | D        | Reached skill level 5 in Polearms
    40 | D        | Reached skill level 5 in Staves
    40 | D        | Reached skill level 5 in Ranged Weapons
    40 | D        | Reached skill level 5 in Throwing
    40 | D        | Reached skill level 5 in Dodging
    40 | D        | Reached skill level 5 in Unarmed Combat
    40 | D        | Reached skill level 5 in Spellcasting
    40 | D        | Reached skill level 5 in Translocations
    40 | D        | Gained mutation: Your melee attacks may debilitate your
                  | foes. [demonic ancestry]
    40 | D        | Reached XP level 19. HP: 189/189 MP: 36/36
    40 | D        | Noticed a destroyer
    41 | D        | Killed a destroyer
    43 | D        | Killed a meat berserker
    46 | D        | Reached skill level 10 in Conjurations
    46 | D        | Reached skill level 10 in Necromancy
    46 | D        | Reached skill level 10 in Poison Magic
    46 | D        | Reached skill level 10 in Evocations
    46 | D        | Killed a destroyer
    46 | D        | Noticed a meat berserker
    47 | D        | Reached skill level 10 in Stealth
    47 | D        | Reached skill level 10 in Hexes
    47 | D        | Reached skill level 10 in Summonings
    47 | D        | Reached skill level 10 in Transmutations
    47 | D        | Reached skill level 10 in Fire Magic
    47 | D        | Reached skill level 10 in Ice Magic
    47 | D        | Reached skill level 10 in Air Magic
    47 | D        | Reached skill level 10 in Earth Magic
    47 | D        | Gained mutation: A meltable icy envelope protects you from
                  | harm. (AC +0) [demonic ancestry]
    47 | D        | Reached XP level 20. HP: 197/197 MP: 37/37
    47 | D        | Noticed a meat berserker
    48 | D        | Noticed a meat berserker
    48 | D        | Noticed a destroyer
    48 | D        | Noticed a large bag of meat
    49 | D        | Killed a meat berserker
    49 | D        | Noticed a tyrant
    50 | D        | Killed a tyrant
    51 | D        | Reached skill level 10 in Short Blades
    51 | D        | Reached skill level 10 in Long Blades
    51 | D        | Reached skill level 10 in Maces & Flails
    51 | D        | Reached skill level 10 in Polearms
    51 | D        | Reached skill level 10 in Staves
    51 | D        | Reached skill level 10 in Ranged Weapons
    51 | D        | Reached skill level 10 in Throwing
    51 | D        | Reached skill level 10 in Dodging
    51 | D        | Reached skill level 10 in Unarmed Combat
    51 | D        | Reached skill level 10 in Spellcasting
    51 | D        | Reached skill level 10 in Translocations
    51 | D        | Killed a meat berserker
    51 | D        | Noticed a meat berserker
    51 | D        | Noticed a large bag of meat
    51 | D        | Noticed a meat berserker
    52 | D        | Killed a meat berserker
    52 | D        | Noticed a meat berserker
    53 | D        | Reached XP level 21. HP: 204/204 MP: 38/38
    53 | D        | Killed a destroyer
    54 | D        | Noticed a tyrant
    55 | D        | Noticed a tyrant
    56 | D        | Killed a large bag of meat
    58 | D        | Reached skill level 15 in Conjurations
    58 | D        | Reached skill level 15 in Poison Magic
    58 | D        | Reached skill level 15 in Evocations
    58 | D        | Killed a large bag of meat
    58 | D        | Killed a tyrant
    58 | D        | Noticed a destroyer
    58 | D        | Noticed an accursed
    59 | D        | Reached skill level 15 in Necromancy
    59 | D        | Reached XP level 22. HP: 156/212 MP: 39/39
    60 | D        | Reached skill level 15 in Transmutations
    60 | D        | Reached skill level 15 in Fire Magic
    60 | D        | Reached skill level 15 in Ice Magic
    60 | D        | Reached skill level 15 in Air Magic
    60 | D        | Reached skill level 15 in Earth Magic
    60 | D        | Noticed a destroyer
    61 | D        | Killed a tyrant
    61 | D        | Noticed a dread
    62 | D        | Reached skill level 15 in Stealth
    62 | D        | Reached skill level 15 in Hexes
    62 | D        | Reached skill level 15 in Summonings
    62 | D        | Noticed a meat beast
    62 | D        | Noticed a destroyer
    63 | D        | Killed a destroyer
    64 | D        | Reached skill level 15 in Short Blades
    64 | D        | Reached skill level 15 in Long Blades
    64 | D        | Reached skill level 15 in Maces & Flails
    64 | D        | Reached skill level 15 in Polearms
    64 | D        | Reached skill level 15 in Staves
    64 | D        | Reached skill level 15 in Ranged Weapons
    64 | D        | Reached skill level 15 in Throwing
    64 | D        | Reached skill level 15 in Dodging
    64 | D        | Reached skill level 15 in Unarmed Combat
    64 | D        | Reached skill level 15 in Spellcasting
    64 | D        | Reached skill level 15 in Translocations
    64 | D        | Gained mutation: You are completely covered in icy blue
                  | scales. (AC +4, rC+) [demonic ancestry]
    64 | D        | Reached XP level 23. HP: 111/219 MP: 39/42
    65 | D        | Killed a meat beast
    67 | D        | Killed a destroyer
    67 | D        | Killed a destroyer
    68 | D        | Gained mutation: A meltable icy envelope protects you from
                  | harm. (AC +0) [demonic ancestry]
    68 | D        | Reached XP level 24. HP: 122/227 MP: 40/43
    68 | D        | Noticed a large bag of meat
    70 | D        | Noticed a meat beast
    70 | D        | Killed an accursed
    72 | D        | Killed a dread
    72 | D        | Killed a meat beast
    72 | D        | Noticed a tyrant
    72 | D        | Noticed an accursed
    73 | D        | Reached skill level 27 in Dodging
    73 | D        | Gained mutation: You are powered by pain. [demonic
                  | ancestry]
    73 | D        | Reached XP level 25. HP: 139/234 MP: 43/44
    73 | D        | Noticed a tyrant
    76 | D        | Noticed a tyrant
    78 | D        | Noticed a meat beast
    80 | D        | Noticed The Servant
    81 | D        | Killed a tyrant
    82 | D        | Killed a meat beast
    83 | D        | Reached XP level 26. HP: 134/242 MP: 45/46
    83 | D        | Killed from afar by a wretched soul

Illustrated notes

Levels and vault maps discovered:
D:        meatsprint

Skill      XL: |  1  2  3  4  5  6  7  8  9 10 11 12 13 14 15 16 17 18 19 20 21 22 23 24 25 |
---------------+----------------------------------------------------------------------------+-----
Fighting       | 15 17 20 21 24 26 27 | 27.0
Axes           | 14 16 18 20 22 24 27 | 27.0
Armour         | 14 16 18 20 22 24 27 | 27.0
Shields        | 14 16 18 20 22 24 27 | 27.0
Invocations    | 12 19 23 27 | 27.0
Short Blades   | 1 5 9 11 13 15 16 17 20 | 20.0
Long Blades    | 1 5 9 11 13 15 16 17 19 | 19.5
Maces & Flails | 1 5 9 11 13 15 16 17 19 | 19.5
Polearms       | 1 5 9 11 13 15 16 17 19 | 19.5
Staves         | 1 5 9 11 13 15 16 17 19 | 19.5
Ranged Weapons | 1 5 9 11 13 15 16 17 19 | 19.5
Throwing       | 1 5 9 11 13 15 16 17 19 | 19.5
Dodging        | 1 5 9 11 13 15 16 27 | 27.0
Stealth        | 1 6 10 11 14 16 18 21 | 21.0
Unarmed Combat | 1 5 9 11 13 15 16 17 19 | 19.5
Spellcasting   | 1 5 9 11 13 15 16 17 19 | 19.5
Conjurations   | 1 7 11 13 15 18 20 22 | 22.7
Hexes          | 1 6 10 12 14 16 18 21 | 21.5
Summonings     | 1 6 10 12 14 16 18 21 | 21.6
Necromancy     | 1 7 11 13 15 17 19 20 23 | 23.2
Translocations | 1 5 9 11 13 15 16 17 19 | 19.9
Transmutations | 1 6 10 12 14 16 18 19 21 | 21.5
Fire Magic     | 1 6 10 12 14 16 18 19 21 | 21.5
Ice Magic      | 1 6 10 12 14 16 18 19 21 | 21.5
Air Magic      | 1 6 10 12 14 16 18 19 21 | 21.5
Earth Magic    | 1 6 10 12 14 16 18 19 21 | 21.5
Poison Magic   | 1 7 11 13 15 18 20 23 | 23.2
Evocations     | 1 7 11 13 15 18 20 23 | 23.2

Action                   |  1- 3 |  4- 6 |  7- 9 | 10-12 | 13-15 | 16-18 | 19-21 | 22-24 | 25-27 || total
-------------------------+-------+-------+-------+-------+-------+-------+-------+-------+-------++-------
Melee: Executioner's axe |     1 |       |       |     1 |     6 |    10 |    15 |    12 |     8 ||    53
Invok: Greater Servant o |       |       |       |       |       |     1 |     1 |       |     1 ||     3
       Lesser Servant of |       |       |       |       |       |     1 |     1 |       |     1 ||     3
       Major Destruction |       |       |       |       |       |       |     1 |       |       ||     1
  Use: Potion            |       |       |       |       |       |       |       |     1 |       ||     1
Armor: Scale mail        |       |       |       |       |       |       |       |     2 |       ||     2
Dodge: Dodged            |       |       |       |       |       |     1 |     1 |     1 |     1 ||     4

Table legend: (Time is in decaauts)
 A = Elapsed time spent in this place.
 B = Non-inter-level travel time spent in this place.
 C = Inter-level travel time spent in this place.
 D = Time resting spent in this place.
 E = Time spent auto-exploring this place.
 F = Levels seen in this place.
 G = Mean time per level.
                   A        B        C        D        E       F      G
               +--------+--------+--------+--------+--------+-----+--------+
         Total |     74 |     74 |      0 |      0 |      0 |   1 |   74.0 |
       Dungeon |     74 |     74 |      0 |      0 |      0 |   1 |   74.0 |
               +--------+--------+--------+--------+--------+-----+--------+

Top non-repeatable levels by time:
       D: 74 daAuts
